 Dungeon Crawl Stone Soup version 0.29-a0-284-gf9362112df (webtiles) character file.

Game seed: 892577493630202740

3033 jmlagarto the Cleaver (level 9, -4/74 HPs)
             Began as a Gnoll Cinder Acolyte on Mar 15, 2022.
             Was a Plaything of Xom.
             Slain by a fire elemental (10 damage)
             ... created by the fiery vengeance of Ignis
             ... on level 7 of the Dungeon.
             The game lasted 00:14:26 (9071 turns).

jmlagarto the Cleaver (Gnoll Cinder Acolyte)        Turns: 9071, Time: 00:14:27

Health: -4/74      AC: 10    Str: 17    XL:     9   Next: 86%
Magic:  0/17       EV:  4    Int: 10    God:    Xom [..*...]
Gold:   377        SH:  0    Dex:  8    Spells: 19/19 levels left

rFire   . . .      SeeInvis .   y - +4 flail (holy)
rCold   . . .      Faith    .   u - +10 tower shield of Ignorance {rN+ Int-4}
rNeg    + . .      Spirit   +   x - +0 chain mail
rPois   +          Reflect  .   C - +1 hat
rElec   .          Harm     .   (no cloak)
rCorr   .          Rampage  .   (no gloves)
Will    +....                   (no boots)
Stlth   ..........              f - amulet of guardian spirit
HPRegen 0.22/turn               h - ring of willpower
MPRegen 0.15/turn               s - ring of poison resistance

@: confused, fire susceptible
A: fangs 1, strong nose, distributed training
a: Renounce Religion


You were on level 7 of the Dungeon.
You worshipped Xom.
You were a toy of Xom.
You visited 1 branch of the dungeon, and saw 7 of its levels.

You collected 377 gold pieces.

Inventory:

Hand Weapons
 a - a -1 hand axe of flaming
 y - a +4 flail of holy wrath (weapon)
Missiles
 l - 3 poisoned darts (quivered)
 r - a throwing net
 F - 4 javelins
Armour
 b - a +0 robe
 i - a +0 buckler
 p - the +1 robe of the Snake Pit {Archmagi}
   (You found it on level 3 of the Dungeon)

   Archmagi:  It increases the power of your magical spells.
 u - the +10 tower shield of Ignorance (worn) {rN+ Int-4}
   (You found it on level 4 of the Dungeon)

   Int:       It affects your intelligence (-4).
   rN:        It protects you from negative energy.
 x - a +0 chain mail (worn)
 C - a +1 hat (worn)
Jewellery
 c - a ring of ice
 f - an amulet of guardian spirit (around neck)
 h - a ring of willpower (left hand)
 k - a ring of wizardry
 o - a ring of see invisible
 s - a ring of poison resistance (right hand)
 H - an amulet of faith
Wands
 B - a wand of charming (11)
Scrolls
 d - 2 scrolls of brand weapon
 g - 3 scrolls of amnesia
 j - a scroll of noise
 m - 2 scrolls of enchant armour
 n - 2 scrolls of vulnerability
 q - 3 scrolls of immolation
 t - a scroll of holy word
 v - 3 scrolls of identify
 D - a scroll of enchant weapon {unknown}
Potions
 z - a potion of might
 A - 2 potions of lignification {unknown}
 E - a potion of curing {unknown}
 G - a potion of flight {unknown}


   Skills:
 + Level 8.1 Fighting
 + Level 4.6 Short Blades
 + Level 4.6 Long Blades
 + Level 8.1 Axes
 + Level 4.6 Maces & Flails
 + Level 4.6 Polearms
 + Level 4.6 Staves
 + Level 4.6 Slings
 + Level 4.6 Bows
 + Level 4.6 Crossbows
 + Level 4.6 Throwing
 + Level 4.6 Armour
 + Level 4.6 Dodging
 + Level 4.6 Stealth
 + Level 4.6 Shields
 + Level 4.6 Unarmed Combat
 + Level 5.5 Spellcasting
 + Level 3.8 Conjurations
 + Level 3.8 Hexes
 + Level 3.8 Summonings
 + Level 3.8 Necromancy
 + Level 3.8 Translocations
 + Level 3.8 Transmutations
 + Level 6.7 Fire Magic
 + Level 3.8 Ice Magic
 + Level 3.8 Air Magic
 + Level 3.8 Earth Magic
 + Level 3.8 Poison Magic
 + Level 5.1 Invocations
 + Level 4.6 Evocations


You had 19 spell levels left.
You didn't know any spells.
Your spell library contained the following spells:

 Spells                   Type           Power      Damage    Failure   Level
 Scorch                   Fire           32%        2d6       97%         2
 Sandblast                Erth           20%        2d7       100%        1
 Shock                    Conj/Air       40%        1d5       100%        1
 Passwall                 Tmut/Erth      8%         N/A       100%        2
 Static Discharge         Conj/Air       10%        N/A       100%        2
 Stone Arrow              Conj/Erth      20%        3d8       100%        3
 Swiftness                Air            10%        N/A       100%        3
 Airstrike                Air            5%         N/A       100%        4
 Lightning Bolt           Conj/Air       5%         1d17      100%        5
 Maxwell's Capacitive Co  Air            5%         ∞         100%        8


Dungeon Overview and Level Annotations

Branches:
Dungeon (7/15)             Temple (0/1) D:4

Altars:
Ashenzari
Cheibriados
Elyvilon
Makhleb
Sif Muna
Trog
Xom
Yredelemnul

Shops:
D:7 (


Innate Abilities, Weirdness & Mutations

You have very sharp teeth.
Your uncanny sense of smell can sniff out nearby items.
Your experience applies equally to all skills.


Message History

Your crimson imp blinks!
You block the fire elemental's attack.
Your crimson imp blinks!
You sock the fire elemental!
The fire elemental is severely damaged.
The fire elemental hits you. The fire elemental burns you!
* * * LOW HITPOINT WARNING * * *
Your crimson imp blinks!
You block the fire elemental's attack.
You sock the fire elemental!
You destroy the fire elemental!
That felt strangely unrewarding.
You feel a little less mighty now.
Your crimson imp blinks!
Your crimson imp blinks!
Your crimson imp blinks!
Your crimson imp blinks!
Your crimson imp blinks!
Your crimson imp blinks!
Your crimson imp degenerates into a cloud of primal chaos!
Ignis calls forth spirits of fire to unmake you!
The divine experience confuses you!
You are confused. 3 fire elementals come into view.
The fire elemental hits you. The fire elemental burns you!
The fire elemental hits you. The fire elemental burns you!
The fire elemental hits you. The fire elemental burns you!
The fire elemental barely misses you.
You miss the fire elemental.
You bite the fire elemental, but do no damage.
The fire elemental hits you. The fire elemental burns you!
The fire elemental hits you. The fire elemental burns you!
The fire elemental hits you. The fire elemental burns you!
* * * LOW HITPOINT WARNING * * *
The fire elemental hits you. The fire elemental burns you!
* * * LOW HITPOINT WARNING * * *
The fire elemental hits you. The fire elemental burns you!
* * * LOW HITPOINT WARNING * * *
The fire elemental hits you. The fire elemental burns you!
You die...
Xom is highly amused!

......##...##+##....##.[[##..##..
......##...#.....................
......#....#..........[..........
......#....#.....................
......#....'.....................
#####.##...##.....####...####...#
...##.###'###.....####...####+###
....'.........○....#.......#.....
....#..........E@..#.......#.....
....#.........○EE..'.......#.....
######.....####'####...##..####.#
.....#.....#.......#...##..####+#
.....'.....#.......#...#.....#...
.....#.....#.......#...+.....#...
.....#.....#.......#...#.....#...
.....#######.......#...#..#######
#######......#############...####


You could see 3 fire elementals.

Vanquished Creatures
  Grinder (D:3)
  A hornet (D:7)
  2 fire elementals (D:7)
  A wyvern (D:7)
  A steam dragon (D:7)
  Menkaure (D:7)
  Edmund (D:6)
  A water moccasin (D:7)
  A black bear (D:7)
  2 ice beasts
  2 sky beasts
  An ogre (D:6)
  A centaur (D:7)
  A phantom (D:5)
  A kobold brigand (D:7)
  Blork the orc (D:6)
  6 scorpions
  8 wights (D:7)
  2 hounds
  A gnoll shaman (D:7)
  An iguana (D:5)
  3 orc wizards
  10 gnolls
  8 adders
  A white imp (D:6)
  A dart slug (D:5)
  11 orcs
  11 ball pythons
  6 bats
  11 endoplasms
  2 giant cockroaches (D:2)
  6 goblins
  4 hobgoblins
  2 jackals (D:4)
  5 kobolds
  4 quokkas
  4 frilled lizards
  5 rats
131 creatures vanquished.

Vanquished Creatures (others)
  20 foxfires (D:3)
20 creatures vanquished.

Grand Total: 151 creatures vanquished

Notes
Turn   | Place    | Note
-------+----------+-------------------------------------------
     0 | D:1      | jmlagarto the Gnoll Cinder Acolyte began the quest for the
                  | Orb.
     0 | D:1      | Reached XP level 1. HP: 23/23 MP: 4/4
   244 | D:1      | Reached XP level 2. HP: 11/29 MP: 5/5
   528 | D:1      | Found a faded altar of an unknown god.
  1468 | D:2      | Reached XP level 3. HP: 23/35 MP: 4/7
  1823 | D:2      | Reached skill level 1 in Invocations
  1999 | D:2      | Reached skill level 1 in Short Blades
  1999 | D:2      | Reached skill level 1 in Long Blades
  1999 | D:2      | Reached skill level 1 in Maces & Flails
  1999 | D:2      | Reached skill level 1 in Polearms
  1999 | D:2      | Reached skill level 1 in Staves
  1999 | D:2      | Reached skill level 1 in Slings
  1999 | D:2      | Reached skill level 1 in Bows
  1999 | D:2      | Reached skill level 1 in Crossbows
  1999 | D:2      | Reached skill level 1 in Throwing
  1999 | D:2      | Reached skill level 1 in Armour
  1999 | D:2      | Reached skill level 1 in Dodging
  1999 | D:2      | Reached skill level 1 in Stealth
  1999 | D:2      | Reached skill level 1 in Shields
  1999 | D:2      | Reached skill level 1 in Unarmed Combat
  1999 | D:2      | Reached skill level 1 in Evocations
  2237 | D:3      | Noticed Grinder
  2238 | D:3      | Paralysed by Grinder for 3 turns
  2245 | D:3      | Killed Grinder
  2246 | D:3      | Reached skill level 1 in Conjurations
  2246 | D:3      | Reached skill level 1 in Hexes
  2246 | D:3      | Reached skill level 1 in Summonings
  2246 | D:3      | Reached skill level 1 in Necromancy
  2246 | D:3      | Reached skill level 1 in Translocations
  2246 | D:3      | Reached skill level 1 in Transmutations
  2246 | D:3      | Reached skill level 1 in Ice Magic
  2246 | D:3      | Reached skill level 1 in Air Magic
  2246 | D:3      | Reached skill level 1 in Earth Magic
  2246 | D:3      | Reached skill level 1 in Poison Magic
  2246 | D:3      | Reached XP level 4. HP: 9/41 MP: 1/9
  2246 | D:3      | Reached XP level 5. HP: 11/47 MP: 1/10
  2246 | D:3      | Reached XP level 6. HP: 12/53 MP: 1/11
  2613 | D:3      | Found a white marble altar of Elyvilon.
  2617 | D:3      | Identified the +1 robe of the Snake Pit {Archmagi}
  2809 | D:3      | You fall into a shaft and drop 2 floors!
  2809 | D:5      | Entered Level 5 of the Dungeon
  3006 | D:4      | Reached XP level 7. HP: 47/59 MP: 8/12
  3400 | D:3      | Found a burning altar of Makhleb.
  3801 | D:4      | Found the +10 tower shield of Ignorance {rN+ Int-4}
  4160 | D:4      | Found a staircase to the Ecumenical Temple.
  4745 | D:5      | Found a broken altar of Ashenzari.
  4779 | D:5      | Found a bloodstained altar of Trog.
  4790 | D:5      | Found a snail-covered altar of Cheibriados.
  5097 | D:5      | Reached XP level 8. HP: 52/67 MP: 11/14
  5246 | D:5      | Found a shimmering blue altar of Sif Muna.
  5989 | D:6      | Found a basalt altar of Yredelemnul.
  6010 | D:6      | Noticed Edmund
  6029 | D:6      | Killed Edmund
  6151 | D:6      | Found a shimmering altar of Xom.
  6158 | D:6      | Noticed Blork the orc
  6175 | D:6      | Killed Blork the orc
  6687 | D:7      | Noticed a wyvern
  6698 | D:7      | Killed a wyvern
  6703 | D:7      | Reached XP level 9. HP: 29/73 MP: 6/16
  7169 | D:7      | Noticed Menkaure
  7178 | D:7      | Reached skill level 5 in Spellcasting
  7560 | D:7      | Killed Menkaure
  8060 | D:6      | Fell from the grace of Ignis
  8060 | D:6      | Became a worshipper of Xom of Chaos
  8189 | D:7      | XOM: potion effect (invisibility)
  8213 | D:7      | Reached skill level 5 in Invocations
  8425 | D:7      | Found Izehotepn's Weapon Boutique.
  8550 | D:7      | Noticed a hornet
  8551 | D:7      | XOM: potion effect (invisibility)
  8565 | D:7      | Paralysed by a hornet for 2 turns
  8571 | D:7      | Killed a hornet
  8806 | D:7      | XOM: divination: magic mapping
  8822 | D:7      | XOM: summons friendly crimson imp
  9071 | D:7      | Slain by a fire elemental

Illustrated notes

Levels and vault maps discovered:
D:1:      tarquinn_simple_flora_water_c, layout_loops_corners,
          basic_ecumenical_altar
D:2:      layout_loops_cross
D:3:      layout_loops_cross, elyvilon_altar_3, lightli_temple_of_fire,
          uniq_grinder
D:4:      layout_basic, temple_pool_b
D:5:      layout_cave_pods, mainiacjoe_overflow_six_doors_small,
          cheibrodos_ashenzari_chains, nicolae_overflow_crystal_walls, tgw_sif,
          serial_column_ruins, column_ruins_columns_corner,
          column_ruins_open_large, column_ruins_grid_4, column_ruins_open_tiny,
          minmay_misc_feat_rugged, minmay_misc_feat_chi,
          minmay_misc_feat_enclosed, due_unseen_surprise
D:6:      layout_cave_pools, nicolae_overflow_hidden_temple,
          mainiacjoe_overflow_small_starburst, uniq_edmund, uniq_blork_the_orc
D:7:      layout_gridville, serial_shops, nicolae_shop_bloodbath_and_beyond,
          uniq_menkaure

Skill      XL: |  1  2  3  4  5  6  7  8  9 |
---------------+----------------------------+-----
Invocations    | 2 3 4 5 |  5.1
Short Blades   | 1 2 3 4 |  4.6
Long Blades    | 1 2 3 4 |  4.6
Maces & Flails | 1 2 3 4 |  4.6
Polearms       | 1 2 3 4 |  4.6
Staves         | 1 2 3 4 |  4.6
Slings         | 1 2 3 4 |  4.6
Bows           | 1 2 3 4 |  4.6
Crossbows      | 1 2 3 4 |  4.6
Throwing       | 1 2 3 4 |  4.6
Armour         | 1 2 3 4 |  4.6
Dodging        | 1 2 3 4 |  4.6
Stealth        | 1 2 3 4 |  4.6
Shields        | 1 2 3 4 |  4.6
Unarmed Combat | 1 2 3 4 |  4.6
Evocations     | 1 2 3 4 |  4.6
Spellcasting   | 3 4 5 |  5.5
Conjurations   | 1 2 3 |  3.8
Hexes          | 1 2 3 |  3.8
Summonings     | 1 2 3 |  3.8
Necromancy     | 1 2 3 |  3.8
Translocations | 1 2 3 |  3.8
Transmutations | 1 2 3 |  3.8
Ice Magic      | 1 2 3 |  3.8
Air Magic      | 1 2 3 |  3.8
Earth Magic    | 1 2 3 |  3.8
Poison Magic   | 1 2 3 |  3.8
Fighting       | 7 8 |  8.1
Axes           | 7 8 |  8.1
Fire Magic     | 6 |  6.7

Action                   |  1- 3 |  4- 6 |  7- 9 || total
-------------------------+-------+-------+-------++-------
Melee: Hand axe          |   109 |    51 |   214 ||   374
       Bite              |     4 |     4 |    49 ||    57
       Punch             |     1 |       |       ||     1
       Flail             |       |       |   193 ||   193
Throw: Dart              |       |       |     5 ||     5
Invok: Fiery Armour      |     1 |     3 |     7 ||    11
       Foxfire Swarm     |     1 |       |       ||     1
  Use: Scroll            |     3 |       |    11 ||    14
       Potion            |       |       |     4 ||     4
 Stab: Sleeping          |     5 |     1 |       ||     6
       Distracted        |       |     1 |       ||     1
       Invisible         |       |       |     3 ||     3
Armor: Robe              |    26 |    22 |    16 ||    64
       Chain mail        |       |       |   145 ||   145
Dodge: Dodged            |    62 |    40 |    88 ||   190
Block: Buckler           |     3 |     9 |     9 ||    21
       Tower shield      |       |       |   529 ||   529

Table legend: (Time is in decaauts)
 A = Elapsed time spent in this place.
 B = Non-inter-level travel time spent in this place.
 C = Inter-level travel time spent in this place.
 D = Time resting spent in this place.
 E = Time spent auto-exploring this place.
 F = Levels seen in this place.
 G = Mean time per level.
                   A        B        C        D        E       F      G
               +--------+--------+--------+--------+--------+-----+--------+
         Total |   9238 |   9014 |    224 |      0 |   7512 |   7 | 1319.7 |
       Dungeon |   9238 |   9014 |    224 |      0 |   7512 |   7 | 1319.7 |
               +--------+--------+--------+--------+--------+-----+--------+

Top non-repeatable levels by time:
     D:7: 2404 daAuts
     D:1: 1417 daAuts
     D:5: 1251 daAuts
     D:3: 1169 daAuts
     D:4: 1162 daAuts
     D:6: 1027 daAuts
     D:2: 804 daAuts
